 Dungeon Crawl Stone Soup version 0.30.1-3-gfc49f6343a (webtiles) character file.

Game seed: 16045619552166239576

37 H0rd4k the Charlatan (level 3, -1/23 HPs)
             Began as an Octopode Artificer on Aug 1, 2023.
             Slain by a hobgoblin (4 damage)
             ... on level 2 of the Dungeon.
             The game lasted 00:00:41 (969 turns).

H0rd4k the Charlatan (Octopode Artificer)            Turns: 969, Time: 00:00:41

Health: -1/23      AC:  1    Str: 11    XL:     3   Next: 41%
Magic:  3/3        EV: 13    Int: 15    God:
Gold:   62         SH:  0    Dex: 12    Spells: 2/2 levels left

rFire   . .          .
                       - Unarmed
rCold   . . .        (no shield)
rNeg    . . .        (helmet restricted)
rPois   .            (no amulet)
rElec   .            (no ring)
rCorr   .            (no ring)
SInv    .            (no ring)
Will    .....        (no ring)
Stlth   +++          (no ring)
HPRegen 0.23/turn    (no ring)
MPRegen 0.08/turn    (no ring)
                     (no ring)

%: no passive effects
@: no status effects
A: almost no armour, amphibious, 8 rings, camouflage 1, gelatinous body 1,
(nimble swimmer 1), tentacles
a: no special abilities


You were on level 2 of the Dungeon.
You visited 1 branch of the dungeon, and saw 2 of its levels.

You collected 62 gold pieces.

Inventory:

Magical Staves
 g - a staff of death
Wands
 b - a wand of flame (15) (quivered)
 c - a wand of charming (15)
 d - a wand of iceblast (5)
Scrolls
 a - a scroll of enchant weapon {unknown}
 e - a scroll of amnesia {unknown}
 f - a scroll of immolation {unknown}
 i - 3 scrolls of identify {unknown}
Potions
 h - a potion of curing {unknown}
 j - a potion of magic {unknown}
 k - a potion of mutation {unknown}


   Skills:
 + Level 1.0 Fighting
 + Level 3.0 Dodging
 + Level 1.8 Stealth
 + Level 1.0 Unarmed Combat
 + Level 3.9 Evocations


You had 2 spell levels left.
You didn't know any spells.
Your spell library contained the following spells:

 Spells                   Type           Power      Damage    Failure   Level
 Ensorcelled Hibernation  Hex/Ice        0%         N/A       38%         2
 Ozocubu's Armour         Ice            0%         N/A       63%         3
 Spider Form              Tmut/Pois      0%         N/A       63%         3
 Anguish                  Hex/Necr       0%         N/A       95%         4
 Ozocubu's Refrigeration  Ice            0%         4d7       100%        7


Dungeon Overview and Level Annotations

Branches:
Dungeon (2/15)

Altars:


Innate Abilities, Weirdness & Mutations

You cannot wear most types of armour.
You are amphibious.
You can wear up to eight rings at the same time.
Your skin changes colour to match your surroundings (Stealth+).
Your rubbery body absorbs attacks. (AC +1, EV +1)
((You are camouflaged when in or above water. (Stealth+)))
You have tentacles for arms and can constrict up to eight enemies at once.


Message History

The endoplasm hits you. The hobgoblin barely misses you.
There are monsters nearby!
You tentacle-slap the hobgoblin but do no damage.
Your grab misses the hobgoblin. Your squeeze misses the hobgoblin.
The endoplasm barely misses you.
The hobgoblin hits you but does no damage.
There are monsters nearby!
You closely miss the hobgoblin. You grab the hobgoblin.
You tentacle-slap the hobgoblin. You squeeze the hobgoblin.
The hobgoblin is moderately wounded.
You constrict the hobgoblin. The hobgoblin closely misses you.
The endoplasm freezes you.
You are frozen.
There are monsters nearby!
You are too injured to fight recklessly!
You are too injured to fight recklessly!
You release your grip on the hobgoblin.
A giant cockroach comes into view.
The endoplasm misses you. The giant cockroach bites you.
You tentacle-slap the endoplasm.
The endoplasm is lightly wounded.
The endoplasm freezes you.
You are frozen.
The giant cockroach bites you.
You tentacle-slap the endoplasm. Your squeeze misses the endoplasm.
The endoplasm is heavily wounded.
The endoplasm freezes you.
You are frozen.
* * * LOW HITPOINT WARNING * * *
The giant cockroach barely misses you.
You tentacle-slap the endoplasm but do no damage.
You squeeze the endoplasm.
You kill the endoplasm!
The giant cockroach bites you but does no damage.
You tentacle-slap the hobgoblin but do no damage.
You grab the hobgoblin.
The hobgoblin is heavily wounded.
You constrict the hobgoblin, but do no damage.
The giant cockroach misses you. The hobgoblin hits you.
You die...

##†..####.# ##..###...
#..##..|# ##.##....#
#..#....# #)##...#
##.#...# . #..#g###$.# .#
#..#@B...# ###.####
#..$..#### .......#
#.##### #....#.# #.#
###...#..##
#.##.##.########.........
#.............##.#....#.
#.............##>#..#..
..#####.............#.##
##.....##....##.##.#..#


You could see a giant cockroach and a hobgoblin.

Vanquished Creatures
  2 dart slugs (D:1)
  5 bats (D:1)
  4 endoplasms
  3 giant cockroaches
  4 goblins
  2 hobgoblins (D:1)
  2 kobolds (D:1)
  2 ball pythons (D:1)
  A frilled lizard (D:1)
  5 rats (D:1)
30 creatures vanquished.

Notes
Turn   | Place    | Note
-------+----------+-------------------------------------------
     0 | D:1      | H0rd4k the Octopode Artificer began the quest for the Orb.
     0 | D:1      | Reached XP level 1. HP: 13/13 MP: 1/1
    96 | D:1      | Reached XP level 2. HP: 18/18 MP: 2/2
   624 | D:1      | Reached XP level 3. HP: 23/23 MP: 3/3
   847 | D:2      | Found a faded altar of an unknown god.
   957 | D:2      | Reached skill level 1 in Unarmed Combat
   969 | D:2      | Slain by a hobgoblin

Illustrated notes

Levels and vault maps discovered:
D:1:      psy_arrival_fountain, layout_loops_ring, nrook_uturn
D:2:      minmay_evil_eye, layout_loops_cross, serial_shops,
          nicolae_shop_tiny_glass, nicolae_ecumenical_pavilion,
          nicolae_shop_vocational

Skill      XL: |  1  2  3 |
---------------+----------+-----
Dodging        | 3 |  3.0
Unarmed Combat | 1 |  1.0
Fighting       | |  1.0
Stealth        | |  1.8
Evocations     | |  3.9

Action                     || total
---------------------------++-------
  Melee: Unarmed           ||    77
         Constrict         ||    16
         Tentacles         ||    18
         Punch             ||     3
   Stab: Sleeping          ||     5
 Armour: Skin              ||    11
  Dodge: Dodged            ||    48
